 Dungeon Crawl Stone Soup version bcrawl-1.12-8-g964540c432 (webtiles) character file.

Game seed: 17720811201829704535

110 Freyura the Ducker (level 4, -7/30 HPs)
             Began as a Fairy Fighter on June 7, 2019.
             Was an Initiate of Ashenzari.
             Killed by divine providence
             ... invoked by an orc priest
              (10 damage)
             ... on level 3 of the Dungeon.
             The game lasted 00:07:12 (2017 turns).

Freyura the Ducker (Fairy Fighter)                  Turns: 2017, Time: 00:07:12

Health: -7/30      AC:  5    Str: 14    XL:     4   Next: 91%
Magic:  6/6        EV: 16    Int: 11    God:    Ashenzari [......]
Gold:   209        SH: 15    Dex: 15    Spells: 3/3 levels left

rFire    . . .     SeeInvis .   a - +0 long sword
rCold    . . .     Gourm    .   b - +0 shield
rNeg     . . .     Faith    .   (armour unavailable)
rPois    .         Spirit   .   (no helmet)
rElec    .         Reflect  .   (no cloak)
rCorr    .         Harm     .   i - +0 pair of gloves
MR       +....                  (no boots)
Stlth    ..........             (no amulet)
HPRegen  0.10/turn              l - ring of protection from magic
MPRegen  0.10/turn              r - +2 ring of dexterity

@: flying evasively
A: small, magic attunement, unstealthy, unfitting armour, able to fly, AC/SH +4
a: Stop Flying, Curse Item, Renounce Religion


You were on level 3 of the Dungeon.
You worshipped Ashenzari.
Ashenzari was noncommittal.
You were not hungry.

You visited 1 branch of the dungeon, and saw 3 of its levels.

You collected 209 gold pieces.

Inventory:

Hand Weapons
 a - a +0 long sword (weapon)
Armour
 b - a +0 shield (worn)
 i - a +0 pair of gloves (worn)
Jewellery
 l - a ring of protection from magic (left hand)
 r - a +2 ring of dexterity (right hand)
Scrolls
 h - 2 scrolls of fog {unknown}
 j - a scroll of magic mapping {unknown}
 k - a scroll of noise {unknown}
 n - a scroll of enchant armour {unknown}
 o - a scroll of remove curse {unknown}
 q - a scroll of amnesia {unknown}
 t - 3 scrolls of identify {unknown}
Potions
 c - a potion of might
 e - 2 potions of heal wounds {unknown}
 f - a potion of brilliance {unknown}
 g - 2 potions of lignification {unknown}
 m - a potion of curing {unknown}
 p - a potion of agility {unknown}
 u - 2 potions of mutation {unknown}
Comestibles
 d - 9 rations {!d}
 s - 10 chunks of flesh


   Skills:
 + Level 2.8 Fighting
 * Level 2.7 Long Blades
 + Level 4.9 Dodging
 * Level 4.8 Shields


You had 3 spell levels left.
You didn't know any spells.
Your spell library was empty.

Dungeon Overview and Level Annotations

Branches:
Dungeon (3/12)

Altars:
Ashenzari
Kikubaaqudgha
Yredelemnul


Innate Abilities, Weirdness & Mutations

Your spells do not cause hunger and MP costs are reduced by 1.
Your bright wings attract enemies. (Stealth-)
You cannot fit into any form of body armour.
Your shimmering scales are hard and can block incoming attacks. (AC +4, SH +4)
You are small and have problems with some larger weapons.
You can fly continuously.


Message History

The orc priest is heavily wounded.
The orc priest misses you.
You hit the orc priest.
The orc priest is severely wounded.
The orc priest invokes the aid of Beogh against you.
You resist with some effort.
Your shield prevents you from hitting the orc priest.
The orc priest is severely wounded.
The orc priest calls down the wrath of Beogh upon you.
Pain shoots through your body!
* * * LOW HITPOINT WARNING * * *
You closely miss the orc priest.
The orc priest is severely wounded.
The orc priest hits you with a +0 flail.
* * * LOW HITPOINT WARNING * * *
You hit the orc priest.
The orc priest is almost dead.
The orc priest invokes the aid of Beogh against you.
Beogh smites you!
You die...

#....P♣.♣..#.#
#......P..##.#
#......P.....#####
#...P♣P..###.....#
##.P♣♣♣P.###.###.#
#.P♣♣..P....###'###
##.PP..######.....##
#####..##
##.........
#...@...#
#..⌠.....⌠.
#.#o..#.#
#.....8.... .......#
##._.###._.
#.#....... #####
#### ......##.###
###.#### .# #. .# #


You could see an orc priest.

Vanquished Creatures
  A gnoll (D:3)
  An adder (D:3)
  4 worms
  3 dart slugs (D:1)
  4 leopard geckos
  2 orcs (D:2)
  5 bats
  A giant cockroach (D:1)
  5 goblins
  12 hobgoblins
  7 jackals
  2 quokkas (D:2)
  A ball python (D:2)
  2 frilled lizards
  A jackal skeleton (D:3)
  7 kobolds
  5 rats
63 creatures vanquished.

Vanquished Creatures (others)
  A dart slug (D:2)
  A bat (D:2)
2 creatures vanquished.

Grand Total: 65 creatures vanquished

Notes
Turn   | Place    | Note
-------+----------+-------------------------------------------
     0 | D:1      | Freyura the Fairy Fighter began the quest for the Orb.
     0 | D:1      | Reached XP level 1. HP: 15/15 MP: 3/3
    39 | D:1      | Reached XP level 2. HP: 16/20 MP: 4/4
   195 | D:1      | Reached XP level 3. HP: 25/25 MP: 5/5
   875 | D:2      | Reached XP level 4. HP: 24/30 MP: 6/6
  1546 | D:2      | Found an ancient bone altar of Kikubaaqudgha.
  1976 | D:3      | Found a basalt altar of Yredelemnul.
  1976 | D:3      | Found a shattered altar of Ashenzari.
  1986 | D:3      | Became a worshipper of Ashenzari the Shackled
  2017 | D:3      | Killed from afar by an orc priest

Skill      XL: |  1  2  3 |
---------------+----------+-----
Shields        | 4 |  4.8
Long Blades    | 2 |  2.7
Fighting       | |  2.8
Dodging        | |  4.9

Action                   |  1- 3 |  4- 6 || total
-------------------------+-------+-------++-------
Melee: Long sword        |   165 |   116 ||   281
 Stab: Distracted        |     1 |       ||     1
  Eat: Chunk             |       |     4 ||     4
Armor: Skin              |    21 |    13 ||    34
Dodge: Dodged            |    74 |    35 ||   109
Block: Shield            |   139 |    87 ||   226
